 Dungeon Crawl Stone Soup version 0.27.1-34-g3ba077fa99 (webtiles) character file.

Game seed: 3180649257353395257

381 Gabide the Poker (level 7, 0/44 (54) HPs)
             Began as a Human Monk on Jan 7, 2022.
             Slain by a kobold brigand (2 damage)
             ... on level 3 of the Dungeon.
             The game lasted 00:07:01 (6107 turns).

Gabide the Poker (Human Monk)                       Turns: 6107, Time: 00:07:01

HP:   0/44 (54)     AC:  3    Str: 11    XL:     7   Next: 5%
MP:   7/7           EV: 18    Int: 11    God:
Gold: 41            SH:  0    Dex: 17    Spells: 6/6 levels left

rFire    . . .     SeeInvis .   i - +0 halberd
rCold    . . .     Faith    .   (shield currently unavailable)
rNeg     . . .     Spirit   .   b - +1 robe
rPois    .         Reflect  .   (no helmet)
rElec    .         Harm     .   (no cloak)
rCorr    .         Rampage  .   (no gloves)
Will     .....                  (no boots)
Stlth    ++........             (no amulet)
HPRegen  0.14/turn              e - +4 ring of evasion
MPRegen  0.10/turn              (no ring)

@: heavily drained
A: no striking features
a: no special abilities


You were on level 3 of the Dungeon.
You visited 1 branch of the dungeon, and saw 3 of its levels.

You collected 74 gold pieces.
You spent 33 gold pieces at shops.

Inventory:

Hand Weapons
 a - a +0 spear
 c - a +2 dagger of distortion
 i - a +0 halberd (weapon)
Armour
 b - a +1 robe (worn)
Jewellery
 e - a +4 ring of evasion (left hand)
Potions
 g - a potion of flight


   Skills:
 * Level 4.2 Fighting
 * Level 5.3 Polearms
 * Level 4.3 Dodging
 + Level 3.2 Stealth


You had 6 spell levels left.
You didn't know any spells.
Your spell library contained the following spells:

 Spells                   Type           Power      Damage    Failure   Level
 Apportation              Tloc           0%         N/A       34%         1
 Alistair's Intoxication  Tmut/Pois      0%         N/A       100%        5
 Invisibility             Hex            0%         N/A       100%        6


Dungeon Overview and Level Annotations

Branches:
Dungeon (3/15)

Altars:

Shops:
D:2 !


Message History

The kobold brigand hits you with a +2 dagger of draining.
You feel drained. The hobgoblin misses you.
The kobold brigand hits you with a +2 dagger of draining.
You feel drained.
You hit the kobold brigand.
The kobold brigand is lightly wounded.
The hobgoblin closely misses you.
The kobold brigand hits you with a +2 dagger of draining.
You feel drained. The hobgoblin hits you with a +0 club.
Unknown command.
Press: ? - help, v - describe, . - travel
Here: a kobold brigand, wielding a +2 dagger of draining and quivering poisoned darts (lightly wounded)
The floor.
Unknown command.
You miss the kobold brigand.
The kobold brigand is lightly wounded.
The kobold brigand hits you with a +2 dagger of draining.
You feel drained. The hobgoblin hits you with a +0 club.
You puncture the kobold brigand!
The kobold brigand is moderately wounded.
The kobold brigand hits you with a +2 dagger of draining.
You feel drained. The hobgoblin closely misses you.
You puncture the kobold brigand!
The kobold brigand is heavily wounded.
The kobold brigand hits you with a +2 dagger of draining.
You feel drained.
* * * LOW HITPOINT WARNING * * *
The hobgoblin misses you.
The kobold brigand hits you with a +2 dagger of draining.
* * * LOW HITPOINT WARNING * * *
You feel drained.
* * * LOW HITPOINT WARNING * * *
Okay, then.
You aren't carrying any scrolls.
The hobgoblin hits you with a +0 club.
* * * LOW HITPOINT WARNING * * *
The kobold brigand hits you with a +2 dagger of draining!
* * * LOW HITPOINT WARNING * * *
You feel drained.
You die...

#..# #...!................. ##.#
#.....)............... #.##
#.........#########... #..#
###≈≈≈###### ####
##.####≈≈≈≈≈≈≈≈≈#
#..##≈≈≈≈≈≈≈≈######...#
##..####≈≈≈###........
#..)).#####KK)....###
#######...)..)..@.g######≈###
#........###.....###≈≈≈≈≈≈≈≈#####
#..........#######....≈≈≈≈≈≈≈≈...
#........#.........#...≈≈≈≈≈...##
#........###########...#.....####
#.^......# ##..#.##### #
#........# #.>#.# # #........#
#.#..## # #........# #....(# #


You could see 2 kobold brigands and a hobgoblin.

Vanquished Creatures
  Sigmund (D:2)
  Ijyb (D:2)
  Jessica (D:3)
  Natasha (twice) (D:3)
  3 adders
  3 gnolls
  2 worms (D:2)
  A dart slug (D:3)
  3 ball pythons
  4 endoplasms
  2 giant cockroaches
  7 goblins
  7 hobgoblins
  3 jackals (D:1)
  3 quokkas
  5 bats
  2 frilled lizards (D:2)
  9 kobolds
  7 rats
66 creatures vanquished.

Notes
Turn   | Place    | Note
-------+----------+-------------------------------------------
     0 | D:1      | Gabide the Human Monk began the quest for the Orb.
     0 | D:1      | Reached XP level 1. HP: 18/18 MP: 1/1
   158 | D:1      | Reached XP level 2. HP: 15/24 MP: 2/2
   642 | D:1      | Reached XP level 3. HP: 24/29 MP: 3/3
   696 | D:1      | Found a faded altar of an unknown god.
  1694 | D:2      | Noticed Sigmund
  1725 | D:2      | Killed Sigmund
  1726 | D:2      | Reached skill level 4 in Polearms
  1726 | D:2      | Reached XP level 4. HP: 12/37 MP: 4/4
  1726 | D:2      | Reached XP level 5. HP: 13/42 MP: 5/5
  1726 | D:2      | Reached XP level 6. HP: 15/48 MP: 6/6
  2228 | D:2      | Found Sukhuum's Distillery.
  2236 | D:2      | Bought a potion of lignification for 33 gold pieces
  3593 | D:3      | Noticed Natasha
  3601 | D:3      | Killed Natasha
  3682 | D:3      | Noticed Jessica
  3695 | D:3      | Killed Jessica
  3696 | D:3      | Reached skill level 5 in Polearms
  3907 | D:3      | Noticed Natasha
  3915 | D:3      | Killed Natasha
  4107 | D:3      | Noticed Ijyb
  5605 | D:2      | Killed Ijyb
  5606 | D:2      | Reached XP level 7. HP: 22/54 MP: 7/7
  6107 | D:3      | HP: 2/45 [kobold brigand (7)]
  6107 | D:3      | Slain by a kobold brigand

Illustrated notes

Levels and vault maps discovered:
D:1:      minmay_arrival_jagged, layout_rooms,
          shapermc_ecumenical_altar_mp_vishouse, minmay_tiny_reverse_x
D:2:      layout_loops_ring, serial_shops, shop, minmay_misc_feat_alley,
          uniq_sigmund
D:3:      cheibrodos_thug_alley, layout_basic, portal_sewer_entry_a,
          uniq_jessica, uniq_natasha, uniq_ijyb

Skill      XL: |  1  2  3  4  5  6 |
---------------+-------------------+-----
Polearms       | 4 5 |  5.3
Stealth        | 3 |  3.2
Dodging        | 4 |  4.3
Fighting       | 4 |  4.2

Action                   |  1- 3 |  4- 6 |  7- 9 || total
-------------------------+-------+-------+-------++-------
Melee: Spear             |   126 |       |       ||   126
       Scythe            |       |   157 |     2 ||   159
       Halberd           |       |       |    12 ||    12
  Use: Potion            |     3 |     3 |       ||     6
       Scroll            |     1 |     3 |     2 ||     6
 Stab: Sleeping          |     7 |     7 |     1 ||    15
       Invisible         |     2 |       |       ||     2
       Distracted        |     1 |     1 |       ||     2
Armor: Robe              |    10 |    31 |     1 ||    42
       Skin              |       |    52 |       ||    52
Dodge: Dodged            |    66 |   182 |    11 ||   259
